 Dungeon Crawl Stone Soup version 0.28.0-47-ge53b351184 (webtiles) character file.

Game seed: 13418556701759474535

5555 101zpm the Thaumaturge (level 11, -1/60 HPs)
             Began as a Djinni Fire Elementalist on May 4, 2022.
             Was a Follower of Hepliaklqana.
             Shot with a sling bullet by Joseph (23 damage)
             ... on level 8 of the Dungeon.
             The game lasted 00:29:03 (14475 turns).

101zpm the Thaumaturge (Djinni Fire Elementalist)  Turns: 14475, Time: 00:29:04

Health: -1/60      AC:  2    Str:  7    XL:     11   Next: 2%
Gold:   431        EV:  7    Int: 21    God:    Hepliaklqana [*.....] SH:  0 Dex: 14

rFire   + + .      SeeInvis .   (no weapon)
rCold   x . .      Faith    .   (no shield)
rNeg    . . .      Spirit   .   a - +0 robe
rPois   ∞          Reflect  .   (no helmet)
rElec   .          Harm     .   (no cloak)
rCorr   .          Rampage  .   (no gloves)
Will    +....                   (boots unavailable)
Stlth   +++.......              (no amulet)
HPRegen 0.20/turn               (no ring)
MPRegen 0.00/turn               (no ring)

@: flying, held
A: reduced essence, sickness immunity, fire resistance 2, cold vulnerability 1,
float, innate caster, HP casting, extra vitality 1
a: Renounce Religion, Recall Ancestor, Ancestor Identity


You were on level 8 of the Dungeon.
You worshipped Hepliaklqana.
Hepliaklqana was aware of your devotion.
You visited 2 branches of the dungeon, and saw 9 of its levels.

You collected 431 gold pieces.

Inventory:

Missiles
 s - 5 throwing nets
Armour
 a - a +0 robe (worn)
Jewellery
 n - a ring of resist corrosion
 t - a +4 ring of protection
 v - a +4 ring of protection
Wands
 h - a wand of acid (29)
 y - a wand of paralysis (1)
Scrolls
 b - 13 scrolls of identify {unknown}
 c - 4 scrolls of teleportation {unknown}
 d - a scroll of amnesia {unknown}
 f - a scroll of magic mapping {unknown}
 k - 2 scrolls of brand weapon {unknown}
 p - 2 scrolls of fear {unknown}
 u - 3 scrolls of noise {unknown}
 x - 2 scrolls of blinking {unknown}
Potions
 e - 3 potions of brilliance {unknown}
 g - 3 potions of lignification {unknown}
 i - 5 potions of curing {unknown}
 j - 3 potions of mutation {unknown}
 l - a potion of degeneration {unknown}
 m - 4 potions of attraction {unknown}
 o - a potion of resistance {unknown}
 q - 2 potions of cancellation {unknown}
 r - a potion of berserk rage {unknown}
 w - 2 potions of heal wounds {unknown}
 z - a potion of haste {unknown}


   Skills:
 + Level 1.2 Fighting
 + Level 3.3 Dodging
 + Level 4.1 Stealth
 + Level 11.7 Spellcasting


You had 7 spell levels left.
You knew the following spells:

 Your Spells              Type           Power      Damage    Failure   Level
a - Foxfire               Conj/Fire      100%       2x1d9     1%          1
b - Scorch                Fire           100%       2d10      1%          2
c - Conjure Flame         Conj/Fire      57%        6-21      1%          3
d - Inner Flame           Hex/Fire       57%        N/A       1%          3
e - Flame Wave            Conj/Fire      57%        2d11      1%          4
f - Sandblast             Erth           100%       2d20      1%          1
g - Passwall              Tmut/Erth      47%        N/A       1%          2
h - Blink                 Tloc           100%       N/A       1%          2
i - Hailstorm             Conj/Ice       57%        3d12      1%          4
j - Summon Ice Beast      Ice/Summ       57%        N/A       1%          4
Your spell library was empty.

Dungeon Overview and Level Annotations

Branches:
Dungeon (8/15)             Temple (1/1) D:5
   Lair: D:8-11

Altars:
Ashenzari
Cheibriados
Dithmenos
Elyvilon
Fedhas
Gozag
Hepliaklqana
Kikubaaqudgha
Makhleb
Nemelex Xobeh
Okawaru
Qazlal
Ru
Sif Muna
Trog
Uskayaw
Vehumet
Wu Jian
Xom
Yredelemnul
Zin
The Shining One

Shops:
D:7 *

Annotations:
D:8 Erica, Joseph


Innate Abilities, Weirdness & Mutations

Your life essence is reduced to manifest your ancestor. (-10% HP)
You are immune to sickness and miasma.
You are immune to poison.
Your flesh is very heat resistant. (rF++)
You are vulnerable to cold. (rC-)
You float through the air rather than walking.
You learn spells naturally, not from books.
Your magical power is your life essence.
You have superior vitality. (+4 MHP)


Message History

The fiery explosion engulfs your foxfire.
Your foxfire completely resists.
Takurtum avoids your attack.
The fiery explosion engulfs your foxfire.
Your foxfire completely resists.
You are too injured to fight recklessly!
Casting: Foxfire (safe; 1% risk of failure)
Press: ? - help, Q - select action, (/) - cycle Dir - look around, f - activate You conjure some foxfire!
The foxfire hits the orc wizard.
Flame seeps out of the orc wizard.
The orc wizard is moderately wounded.
The foxfire hits the orc wizard.
Flame seeps out of the orc wizard.
The orc wizard is heavily wounded.
Joseph, a Mercenary comes into view.
He is wielding a +0 quarterstaff.
The orc wizard is engulfed in blazing flames.
The orc wizard explodes!
The fiery explosion engulfs Joseph!!
Joseph is moderately wounded.
Joseph is engulfed in blazing flames.
Joseph unwields a +0 quarterstaff.
Joseph wields a +0 hunting sling.
Joseph shoots a sling bullet.
The sling bullet completely misses you.
Casting: Foxfire (safe; 1% risk of failure)
Confirm with . or Enter, or press ? or * to list all spells.
Aiming: Inner Flame (safe; 1% risk of failure)
Press: ? - help, Dir - move target, f - Joseph
Aim: Joseph, wielding a +0 hunting sling, wearing a +0 ring mail and quivering sling bullets (flame, heavily wounded, ally target, chance to affect: 87%) Joseph barely resists.
Casting: Inner Flame (safe; 1% risk of failure)
Confirm with . or Enter, or press ? or * to list all spells.
Aiming: Inner Flame (safe; 1% risk of failure)
Press: ? - help, Dir - move target, f/p - Joseph
Aim: Joseph, wielding a +0 hunting sling, wearing a +0 ring mail and quivering sling bullets (flame, heavily wounded, ally target, chance to affect: 87%) Joseph is filled with an inner flame.
The foxfire hits Joseph.
Flame seeps out of Joseph.
Joseph is severely wounded.
The foxfire hits Joseph but does no damage.
Joseph is severely wounded.
Joseph is engulfed in blazing flames.
Flame seeps out of Joseph.
Joseph shoots a sling bullet.
The sling bullet hits you!!
You die...

####### ### #
#.....#....
###.#.)......#
#............#
#......@§....#
#......§§....#
#....)§§.....#
#.§.)§§......#
#...§§.....#.#
#°R§§...)..#
..
#°°§.......# #
#@§........#


You could see the friendly Takurtum the ancestor and Joseph (inner flame, ally
target).

Vanquished Creatures
  Harold (D:7)
  Pikel (D:6)
  A cyclops (D:7)
  The ghost of Allula97 the Covered, a novice DsFi of Jiyva (D:5)
  Maggie (D:7)
  The ghost of manix the Stinger, an amateur OpVM of Ashenzari (D:5)
  Sigmund (D:5)
  4 yaks (D:6)
  An acid dragon (D:8)
  Duvessa (D:7)
  3 sky beasts
  An orc warrior (D:7)
  3 necrophages
  3 centaurs
  2 kobold brigands
  The ghost of KamiKatze the Conjurer, an amateur DECj (D:4)
  A bullfrog (D:7)
  3 scorpions
  3 water moccasin zombies
  A wyvern skeleton (D:6)
  Dowan (D:7)
  A howler monkey (D:8)
  A centaur zombie (D:8)
  2 hounds (D:5)
  2 jellies (D:6)
  2 bullfrog skeletons
  2 orc priests
  Jessica (D:2)
  A centaur skeleton (D:6)
  2 iguanas
  2 orc wizards
  A killer bee zombie (D:6)
  2 howler monkey skeletons
  5 adders
  15 gnolls
  A worm (D:3)
  A dart slug (D:3)
  24 orcs
  A ball python (D:4)
  7 endoplasms
  7 giant cockroaches
  6 goblins
  7 hobgoblins
  8 jackals
  9 quokkas
  5 bats
  4 frilled lizards
  14 kobolds
  27 rats
195 creatures vanquished.

Vanquished Creatures (collateral kills)
  An orc wizard (D:8)
  A hobgoblin (D:5)
  2 kobolds (D:5)
4 creatures vanquished.

Vanquished Creatures (others)
  932 foxfires
932 creatures vanquished.

Grand Total: 1131 creatures vanquished

Notes
Turn   | Place    | Note
-------+----------+-------------------------------------------
     0 | D:1      | 101zpm the Djinni Fire Elementalist began the quest for the
                  | Orb.
     0 | D:1      | Reached XP level 1. HP: 15/15 MP: 0/0
   276 | D:2      | Reached XP level 2. HP: 19/21 MP: 0/0
   340 | D:2      | Noticed Jessica
   344 | D:2      | Killed Jessica
   345 | D:2      | Reached skill level 3 in Spellcasting
   345 | D:2      | Reached XP level 3. HP: 6/25 MP: 0/0
   345 | D:2      | Learned a level 1 spell: Sandblast
  1336 | D:2      | Reached XP level 4. HP: 12/31 MP: 0/0
  2827 | D:4      | Reached XP level 5. HP: 8/35 MP: 0/0
  2827 | D:4      | Learned a level 2 spell: Passwall
  3377 | D:4      | Reached skill level 4 in Spellcasting
  3508 | D:4      | Reached XP level 6. HP: 2/40 MP: 0/0
  3516 | D:4      | Noticed a necrophage
  4651 | D:3      | Noticed a sky beast
  4653 | D:3      | Killed a sky beast
  4654 | D:3      | Reached skill level 5 in Spellcasting
  4654 | D:3      | Reached XP level 7. HP: 35/45 MP: 0/0
  4654 | D:3      | Learned a level 2 spell: Blink
  5906 | D:4      | Found a runed translucent door.
  5914 | D:4      | Noticed KamiKatze's ghost (amateur DECj)
  6756 | D:5      | Entered Level 5 of the Dungeon
  6806 | D:5      | Noticed Sigmund
  6827 | D:4      | Reached skill level 6 in Spellcasting
  7119 | D:5      | Killed Sigmund
  7120 | D:5      | Reached XP level 8. HP: 43/50 MP: 0/0
  7382 | D:5      | Found a staircase to the Ecumenical Temple.
  7444 | Temple   | Entered the Ecumenical Temple
  7820 | D:6      | Reached skill level 7 in Spellcasting
  8227 | D:7      | Noticed Pikel
  8227 | D:7      | Noticed Harold
  8234 | D:6      | Killed Pikel
  8235 | D:6      | Reached skill level 8 in Spellcasting
  8235 | D:6      | Reached XP level 9. HP: 42/56 MP: 0/0
  8235 | D:6      | Learned a level 4 spell: Hailstorm
  8558 | D:6      | Reached skill level 1 in Fighting
  8570 | D:7      | Noticed a cyclops
  8575 | D:7      | Killed a cyclops
  8576 | D:7      | Reached skill level 9 in Spellcasting
  8794 | D:7      | Killed Harold
  8795 | D:7      | Reached XP level 10. HP: 32/62 MP: 0/0
  8972 | D:7      | Found Oguysye's General Store.
  9110 | D:7      | Reached skill level 10 in Spellcasting
  9324 | D:7      | Noticed Duvessa
  9328 | D:7      | Killed Duvessa
  9340 | D:7      | Noticed Dowan
  9347 | D:7      | Killed Dowan
  9786 | Temple   | Became a worshipper of Hepliaklqana the Forgotten
 10575 | D:1      | Found a faded altar of an unknown god.
 11199 | D:6      | HP: 2/62 [spore (10)]
 11230 | D:5      | Reached * piety under Hepliaklqana
 11531 | D:6      | Found a glowing silver altar of Zin.
 11532 | D:6      | Found an opulent altar of Gozag.
 11990 | D:7      | Noticed Maggie
 11998 | D:7      | Killed Maggie
 11999 | D:7      | Reached skill level 11 in Spellcasting
 12461 | D:8      | Noticed Erica
 13304 | D:5      | Found a runed translucent gate.
 13305 | D:5      | Found a runed translucent gate.
 13306 | D:5      | Found a runed translucent gate.
 13308 | D:5      | Noticed manix's ghost (amateur OpVM)
 13309 | D:5      | Noticed Allula97's ghost (novice DsFi)
 14049 | D:4      | Killed KamiKatze's ghost
 14212 | D:5      | Killed manix's ghost
 14216 | D:5      | Killed Allula97's ghost
 14217 | D:5      | Reached XP level 11. HP: 40/60 MP: 0/0
 14217 | D:5      | Learned a level 4 spell: Summon Ice Beast
 14473 | D:8      | Noticed Joseph
 14475 | D:8      | Shot with a sling bullet by Joseph

Illustrated notes

Levels and vault maps discovered:
D:1:      psy_arrival_wood_between_worlds, layout_basic,
          shapermc_ecumenical_altar_mp_urbaneastern, st_stairs_14
D:2:      layout_loops_ring, uniq_jessica
D:3:      layout_basic, due_unseen_surprise
D:4:      layout_rooms, marbit_many_paths, ebering_ghost_inner_flame,
          minmay_rat_hole
D:5:      cheibrodos_thug_alley, layout_gridville,
          minmay_temple_entry_antechambers, portal_sewer_entry_f,
          gammafunk_ghost_cemetery, uniq_sigmund
D:6:      layout_loops_ring, grunt_temple_overflow_gold_and_silver
D:7:      layout_loops_ring, serial_shops, nicolae_square_shop, uniq_duvessa,
          uniq_pikel, uniq_maggie, uniq_harold
D:8:      layout_basic, uniq_erica, uniq_joseph
Temple:   mainiacjoe_temple_bowtie_tessellation

Skill      XL: |  1  2  3  4  5  6  7  8  9 10 |
---------------+-------------------------------+-----
Spellcasting   | 3 4 5 6 8 9 11 | 11.7
Stealth        | 2 3 4 |  4.1
Dodging        | 3 |  3.3
Fighting       | 1 |  1.2

Action                   |  1- 3 |  4- 6 |  7- 9 | 10-12 || total
-------------------------+-------+-------+-------+-------++-------
Melee: Unarmed           |     3 |       |       |       ||     3
 Cast: Foxfire           |    50 |   143 |   171 |   225 ||   589
       Scorch            |     6 |    15 |    22 |    24 ||    67
       Inner Flame       |     2 |    15 |    47 |    55 ||   119
       Blink             |       |       |     1 |     1 ||     2
       Conjure Flame     |       |       |       |     2 ||     2
       Summon Ice Beast  |       |       |       |     1 ||     1
Armor: Robe              |     2 |     1 |     3 |     4 ||    10
Dodge: Dodged            |     2 |     3 |     4 |     7 ||    16
